 Dungeon Sprint DCSS version 0.31-a0-408-gb642c7f9a3 (webtiles) character file.

Game seed: 1288628525916180999

27 rocky1 the Changeling (level 3, -8/31 HPs)
             Began as a Naga Shapeshifter on July 30, 2023.
             Mangled by a water elemental (15 damage)
             ... in the Dungeon (Sprint III: "The Ten Rune Challenge").
             The game lasted 00:00:52 (439 turns).

rocky1 the Changeling (Naga Shapeshifter)            Turns: 439, Time: 00:00:54

Health: -8/31      AC:  2    Str: 17    XL:     3   Next: 10%
Magic:  3/3        EV: 10    Int: 10    God:
Gold:   33         SH:  0    Dex: 11    Spells: 2/2 levels left

rFire   . .          .
                       - Unarmed
rCold   . . .        (no shield)
rNeg    . . .        a - +0 animal skin
rPois   +            (helmet currently unavailable)
rElec   .            (cloak currently unavailable)
rCorr   .            (gloves currently unavailable)
SInv    +            (no barding)
Will    .....        (no amulet)
Stlth   +            (no ring)
HPRegen 0.25/turn    (no ring)
MPRegen 0.08/turn

%: no teleportation
@: beast-form, engulfed (cannot breathe), hasted, quick
A: beast (slay +3), AC +1, large, see invisible, deformed body, poison
resistance, slowness 2, spit poison 1, naga tail 1
a: Spit Poison, Begin Untransformation


You were in the Dungeon.
You were a hulking beast.
You visited 1 branch You collected 33 gold pieces.

Inventory:

Armour
 a - a +0 animal skin (worn)
Talismans
 c - a beast talisman
Scrolls
 i - a scroll of blinking
 j - a scroll of enchant weapon {unknown}
 k - a scroll of torment {unknown}
 l - a scroll of immolation {unknown}
 n - a scroll of poison {unknown}
 o - a scroll of identify {unknown}
Potions
 b - 2 potions of lignification
 d - a potion of curing
 e - 2 potions of heal wounds
 g - 2 potions of magic
 h - 3 potions of mutation {unknown}
 m - 2 potions of enlightenment


   Skills:
 + Level 1.1 Fighting
 + Level 2.1 Dodging
 + Level 4.3 Unarmed Combat
 + Level 4.9 Shapeshifting


You had 2 spell levels left.
You didn't know any spells.
Your spell library was empty.

Dungeon Overview and Level Annotations

Branches:
Dungeon (1/1)

Altars:


Innate Abilities, Weirdness & Mutations

You are a hulking beast.
Your limbs bulge with bestial killing power. (Slay +3)
Your serpentine skin is tough. (AC +1)
You have supernaturally acute eyesight. (SInv)
Armour fits poorly on your strangely shaped body.
Your system is resistant to poisons. (rPois)
You cover ground very slowly.
You can spit poison.
You have a snake-like lower body.


Message History

h - 3 fizzy black potions (gained 1);
n - a scroll labelled DERAXA TOAMURI
o - a scroll labelled EKLUOMU COSO
b - 2 potions of lignification (gained 1)
e - 2 potions of heal wounds (gained 1)
You now have 33 gold pieces (gained 9).
There is an open door here.
You start waiting.
You hear a shout! x20
Done waiting.
You open the door.
A water elemental comes into view.
You feel yourself speed up.
You hit the water elemental.
The water elemental is lightly damaged.
You hit the water elemental but do no damage.
The water elemental is lightly damaged.
The water elemental hits you!
The water elemental engulfs you in water!
You hit the water elemental.
The water elemental is lightly damaged.
Your lungs strain for air!
The water elemental barely misses you.
You hit the water elemental but do no damage.
The water elemental is lightly damaged.
Your lungs strain for air!
You hit the water elemental.
The water elemental is moderately damaged.
Your lungs strain for air!
You hear a shout!
The water elemental barely misses you.
You hit the water elemental. You punch the water elemental!
The water elemental is severely damaged.
Your lungs strain for air!
You punch the water elemental!
The water elemental is almost destroyed.
* * * LOW HITPOINT WARNING * * *
Your lungs strain for air!
You hear a shout!
The water elemental hits you!
You die...

▓▓▓▓▓▓▓▓ ▓▓▓ <..#...####
##.# ...#......#####..#
..##.......#..#..#
##.##.##...#..#..# #+#+#
##.##.###..##'#..#......
#.####.##..###..hE.⌠....
.###..##..####...#...###
#.....##..###....# ⌠.#
###..##...##.....# .#
##..##....#......# #
#..###..##.#.....# #..#
#..#####....# ▓▓▓▓ ▓▓▓▓
▓▓▓▓▓▓


You could see a water elemental.

Vanquished Creatures
  A human (D)
  A phantom (D)
  2 endoplasms (D)
  2 rats (D)
6 creatures vanquished.

Notes
Turn   | Place    | Note
-------+----------+-------------------------------------------
     0 | D        | rocky1 the Naga Shapeshifter began the quest for the Orb.
     0 | D        | Reached XP level 1. HP: 18/18 MP: 1/1
    70 | D        | Reached XP level 2. HP: 25/25 MP: 2/2
    77 | D        | Reached XP level 3. HP: 20/31 MP: 3/3
   430 | D        | Noticed a water elemental
   439 | D        | Mangled by a water elemental

Illustrated notes

Levels and vault maps discovered:
D:        dungeon_sprint_mu [sprint_mu_entry_cave, sprint_mu_temple_rooms,
          sprint_mu_d1_spiders, sprint_mu_d2_genie, sprint_mu_d3_branching,
          sprint_mu_orc_legion, sprint_mu_elf_gauntlet, sprint_mu_hive_nellie,
          sprint_mu_lair_fedhas, sprint_mu_vaults_butterflies,
          sprint_mu_slime_circle, sprint_mu_swamp_cave, sprint_mu_shoals_kraken,
          sprint_mu_blade_basic, sprint_mu_crypt_lich, sprint_mu_tomb_spiral,
          sprint_mu_vestibule_basic, sprint_mu_gehenna_hellfire,
          sprint_mu_dis_giant, sprint_mu_tartarus_statrot,
          sprint_mu_cocytus_islands, sprint_mu_zot1]

Skill      XL: |  1 |
---------------+----+-----
Dodging        | 2 |  2.1
Unarmed Combat | 4 |  4.3
Shapeshifting  | 4 |  4.9
Fighting       | |  1.1

Action                     || total
---------------------------++-------
  Melee: Unarmed           ||    21
         Punch             ||     2
Ability: Spit Poison       ||     1
    Use: Potion            ||     2
  Dodge: Dodged            ||     5

Table legend: (Time is in decaauts)
 A = Elapsed time spent in this place.
 B = Non-inter-level travel time spent in this place.
 C = Inter-level travel time spent in this place.
 D = Time resting spent in this place.
 E = Time spent auto-exploring this place.
 F = Levels seen in this place.
 G = Mean time per level.
                   A        B        C        D        E       F      G
               +--------+--------+--------+--------+--------+-----+--------+
         Total |    476 |    476 |      0 |    338 |      0 |   1 |  476.0 |
       Dungeon |    476 |    476 |      0 |    338 |      0 |   1 |  476.0 |
               +--------+--------+--------+--------+--------+-----+--------+

Top non-repeatable levels by time:
       D: 476 daAuts
